[Event "ICCopen2017"]
[Site "Internet Chess Club"]
[Date "2017.04.02"]
[Round "11"]
[White "SasaMike"]
[Black "Ohanessian"]
[Result "1/2-1/2"]
[ICCResult "Black stalemated"]
[WhiteElo "1752"]
[BlackElo "2154"]
[Opening "Alekhine's defense: Spielmann variation"]
[ECO "B02"]
[NIC "AL.10"]
[Time "21:09:34"]
[TimeControl "180+0"]

1. e4 Nf6 2. Nc3 d5 3. e5 Nfd7 4. e6 fxe6 5. d4 g6 6. h4 Bg7 7. h5 Nc6 8.
hxg6 hxg6 9. Rxh8+ Bxh8 10. Nf3 e5 11. Nxd5 e4 12. Ng5 Nf6 13. Nxf6+ Bxf6
14. Nxe4 Bf5 15. Nxf6+ exf6 16. c3 Kf7 17. Be3 Qe7 18. Bc4+ Kg7 19. Qf3 Rh8
20. O-O-O Na5 21. Bd3 Bxd3 22. Rxd3 Nc4 23. Qd5 Nd6 24. Bd2 Rh1+ 25. Kc2 c6
26. Qf3 Qf7 27. b3 Nf5 28. g4 Ra1 29. Kb2 Rg1 30. gxf5 gxf5 31. Qf4 Qd5 32.
Rg3+ Rxg3 33. Qxg3+ Kf7 34. Qc7+ Kg6 35. Qg3+ Kf7 36. f3 b5 37. Qf2 b4 38.
c4 Qe6 39. Bxb4 f4 40. Bd2 Qf5 41. Kc3 Qb1 42. Bxf4 Qa1+ 43. Qb2 Qe1+ 44.
Bd2 Qe2 45. Qc2 Qxf3+ 46. Qd3 Qd1 47. d5 Qa1+ 48. Kb4 Qxa2 49. dxc6 Qa6 50.
Qd7+ Kg6 51. c7 Qb6+ 52. Kc3 a5 53. c8=Q Qb4+ 54. Kc2 Qa3 55. Qf5+ Kf7 56.
Qcd7+ Qe7 57. Qxe7+ Kxe7 58. Bxa5 Kd6 59. Bc3 Kc6 60. Qxf6+ Kc5 61. b4+ Kxc4
62. Qe5 {Black stalemated} 1/2-1/2

[Event "ICCopen2017"]
[Site "Internet Chess Club"]
[Date "2017.04.02"]
[Round "11"]
[White "KnightWalker"]
[Black "Chamanx"]
[Result "0-1"]
[ICCResult "White forfeits on time"]
[WhiteElo "1324"]
[BlackElo "1385"]
[Opening "Ruy Lopez: exchange variation"]
[ECO "C68"]
[NIC "RL.08"]
[Time "21:09:45"]
[TimeControl "180+0"]

1. e4 e5 2. Nf3 Nc6 3. Bb5 a6 4. Bxc6 dxc6 5. h3 Bd6 6. O-O Nf6 7. Re1 Bd7
8. d4 Nh5 9. Nxe5 Bxe5 10. Qxh5 Bxd4 11. Nc3 Qf6 12. Qe2 O-O 13. e5 Qg6 14.
Bf4 Bxh3 15. Bg3 Qxg3 16. Qf1 Qg6 17. Ne2 Bxe5 18. Ng3 Bxg3 19. fxg3 Qxg3
20. Rad1 Be6 21. Rd3 Qg6 22. Red1 Bc4 23. Qf3 Bxd3 24. cxd3 Rae8 25. Qf4 Re7
26. b3 Rfe8 27. Qb4 Re2 {White forfeits on time} 0-1

[Event "ICCopen2017"]
[Site "Internet Chess Club"]
[Date "2017.04.02"]
[Round "11"]
[White "MATEPROOF"]
[Black "kamalchandran"]
[Result "0-1"]
[ICCResult "White forfeits on time"]
[WhiteElo "1973"]
[BlackElo "1879"]
[Opening "King's Indian: orthodox, Aronin-Taimanov, bayonet attack"]
[ECO "E97"]
[NIC "KI.05"]
[Time "21:09:58"]
[TimeControl "180+0"]

1. Nf3 Nf6 2. c4 g6 3. Nc3 Bg7 4. e4 d6 5. d4 O-O 6. Be2 e5 7. O-O Nc6 8. d5
Ne7 9. b4 a5 10. Ba3 axb4 11. Bxb4 Nd7 12. a4 f5 13. Nd2 Nf6 14. Bf3 f4 15.
c5 g5 16. h3 Ng6 17. cxd6 cxd6 18. Nc4 Ne8 19. Nb5 Rf6 20. a5 Nh4 21. Bh5 f3
22. g3 Bxh3 23. gxh4 gxh4 24. Bxf3 Rg6+ 25. Kh1 Bxf1 26. Qxf1 Qf6 27. Qh3
Rg3 28. fxg3 Qxf3+ 29. Qg2 Qb3 30. gxh4 Qxc4 31. Bxd6 Qxb5 32. Bxe5 Rxa5 33.
Rg1 Qd7 34. Bxg7 Qxg7 35. Qd2 Ra1 36. Rxa1 Qxa1+ 37. Kg2 Qe5 38. Kf3 Nd6 39.
Qg5+ Qxg5 40. hxg5 b5 41. e5 Nc4 42. d6 Kf8 43. Ke4 Ke8 44. Kd4 Kd7 45. Kd5
Nxe5 46. Kxe5 b4 47. Kd4 Kxd6 48. Kc4 Ke5 49. Kxb4 Kf5 50. Kc3 Kxg5 51. Kd2
Kg4 52. Ke2 Kg3 53. Kf1 Kh2 54. Kf2 h6 55. Kf3 Kh3 56. Kf2 Kh2 57. Kf3 h5
58. Kf4 h4 59. Kg4 h3 60. Kf3 Kg1 61. Kg3 h2 {White forfeits on time} 0-1

[Event "ICCopen2017"]
[Site "Internet Chess Club"]
[Date "2017.04.02"]
[Round "11"]
[White "aplusk"]
[Black "Last7Samurai"]
[Result "1-0"]
[ICCResult "Black resigns"]
[WhiteElo "2759"]
[BlackElo "2757"]
[Opening "QGD Slav: 4.e3"]
[ECO "D11"]
[NIC "SL.01"]
[Time "21:09:47"]
[TimeControl "180+0"]

1. c4 c6 2. d4 d5 3. Nf3 Nf6 4. e3 e6 5. b3 Nbd7 6. Bb2 Bd6 7. Bd3 O-O 8.
O-O b6 9. Nbd2 Bb7 10. Re1 c5 11. e4 dxe4 12. Nxe4 Nxe4 13. Bxe4 Bxe4 14.
Rxe4 Nf6 15. Re2 cxd4 16. Qxd4 Be7 17. Qf4 Qd3 18. Rd2 Qe4 19. Qxe4 Nxe4 20.
Re2 Bf6 21. Bxf6 Nxf6 22. Rd1 Rfd8 23. Red2 Rxd2 24. Rxd2 Kf8 25. Ne5 Rc8
26. f3 Ke7 27. Kf2 Rc7 28. Ke3 Ne8 29. g4 f6 30. Nd3 Nd6 31. h3 Nb7 32. f4
Na5 33. Nb4 Nc6 34. Nxc6+ Rxc6 35. h4 Rc5 36. h5 b5 37. Kd4 Kd6 38. cxb5
Rxb5 39. Kc4+ Kc6 40. b4 Rb7 41. a4 a6 42. g5 Rf7 43. b5+ axb5+ 44. axb5+
Kb7 45. g6 hxg6 46. hxg6 Rc7+ 47. Kb4 Re7 48. Kc5 Kc7 49. Ra2 Kb8 50. Kd6
Rb7 51. Kxe6 Rxb5 52. Kf7 Rb7+ 53. Kg8 Rc7 54. f5 Kc8 55. Ra8+ Kd7 56. Kxg7
Ke7 57. Rf8 {Black resigns} 1-0

[Event "ICCopen2017"]
[Site "Internet Chess Club"]
[Date "2017.04.02"]
[Round "11"]
[White "nino-dg"]
[Black "MeneerMandje"]
[Result "0-1"]
[ICCResult "White forfeits on time"]
[WhiteElo "2364"]
[BlackElo "2144"]
[Opening "Ruy Lopez: Schliemann defense"]
[ECO "C63"]
[NIC "RL.06"]
[Time "21:09:25"]
[TimeControl "180+0"]

1. e4 e5 2. Nf3 Nc6 3. Bb5 f5 4. d3 fxe4 5. dxe4 Nf6 6. O-O d6 7. Nc3 Be7 8.
Bg5 O-O 9. Bxf6 Bxf6 10. Nd5 Kh8 11. c3 Bg4 12. h3 Bh5 13. g4 Bg6 14. Qe2 a6
15. Ba4 b5 16. Bc2 Qd7 17. Rad1 h5 18. Ne1 hxg4 19. hxg4 Bg5 20. Kg2 Kg8 21.
Bb3 Bf7 22. Rh1 Na5 23. Rh5 Bf4 24. Nxf4 Nxb3 25. axb3 exf4 26. g5 Bxb3 27.
g6 Bxd1 28. Qxd1 f3+ 29. Kf1 c6 30. Qb3+ d5 31. exd5 Rae8 32. dxc6+ Qe6 33.
Qxe6+ Rxe6 34. Rc5 Rc8 35. c7 Re7 36. Nxf3 Rcxc7 37. Rf5 Rc6 38. Nh4 Rf6 39.
Rd5 Re4 40. Ng2 Rxg6 41. Rd8+ Kh7 42. Rb8 Ree6 43. Ne3 Rgf6 44. Rc8 Re4 45.
Ng2 b4 46. Rc5 bxc3 47. bxc3 Ra4 48. Rh5+ Kg6 49. Rh2 Ra1+ 50. Ke2 Ra2+ 51.
Kd3 Rfxf2 52. Nh4+ Kh5 53. Rh3 Rf6 54. Rh1 Ra4 55. Ng2+ Kg6 56. Ne3 Kf7 57.
Rg1 Rd6+ 58. Kc2 Ra2+ 59. Kb3 Rb2+ 60. Kxb2 Rb6+ {White forfeits on time}
0-1

[Event "ICCopen2017"]
[Site "Internet Chess Club"]
[Date "2017.04.02"]
[Round "11"]
[White "MrNobody84"]
[Black "iliketal"]
[Result "0-1"]
[ICCResult "White forfeits on time"]
[WhiteElo "1641"]
[BlackElo "1814"]
[Opening "Sicilian defense"]
[ECO "B20"]
[NIC "SI.48"]
[Time "21:10:03"]
[TimeControl "180+0"]

1. e4 c5 2. d3 Nc6 3. Nd2 e6 4. Ngf3 Nf6 5. Be2 d5 6. O-O Be7 7. exd5 exd5
8. Re1 O-O 9. h3 Bf5 10. Bf1 Re8 11. c3 d4 12. c4 h6 13. Nh4 Bh7 14. Qf3 Bd6
15. Rxe8+ Qxe8 16. Nf5 Bf8 17. g4 Ne5 18. Qf4 Ng6 19. Qc7 Qb8 20. Qxb8 Rxb8
21. Nf3 Ne7 22. Bf4 Rd8 23. Nd6 Ng6 24. Nxb7 Rd7 25. Bg3 Rxb7 26. b3 h5 27.
g5 Nd7 28. Bg2 a5 29. Nxd4 Rb6 30. Nb5 h4 31. Bc7 Re6 32. Bd5 Re2 33. d4 Nf4
34. Bf3 Rd2 35. Bxf4 Rc2 36. d5 Bf5 37. Bg4 Bxg4 38. hxg4 g6 39. Re1 Rxa2
40. Re8 a4 41. bxa4 Rxa4 42. Rd8 Rxc4 43. Rxd7 Rxf4 44. d6 c4 45. Nc7 Rd4
46. Rd8 c3 {White forfeits on time} 0-1

[Event "ICCopen2017"]
[Site "Internet Chess Club"]
[Date "2017.04.02"]
[Round "11"]
[White "Eloist"]
[Black "domti"]
[Result "1/2-1/2"]
[ICCResult "Game drawn because neither player has mating material"]
[WhiteElo "2181"]
[BlackElo "2019"]
[Opening "Sicilian: Nimzovich-Rossolimo attack (with ...g6, without ...d6)"]
[ECO "B31"]
[NIC "SI.31"]
[Time "21:10:17"]
[TimeControl "180+0"]

1. e4 c5 2. Nf3 Nc6 3. Bb5 g6 4. Bxc6 dxc6 5. O-O Bg7 6. d3 Bg4 7. Nbd2 Nf6
8. h3 Bxf3 9. Nxf3 O-O 10. Qe2 Re8 11. Be3 b6 12. Qd2 e5 13. Bh6 Nd7 14.
Bxg7 Kxg7 15. Nh2 Nf8 16. f4 exf4 17. Qxf4 Qd4+ 18. Kh1 Re7 19. Ng4 Nd7 20.
Qh6+ Kh8 21. Qg5 Rae8 22. Nf6 Nxf6 23. Qxf6+ Kg8 24. Rad1 Qxf6 25. Rxf6 Re6
26. Rdf1 R8e7 27. g4 h6 28. b3 Kg7 29. R6f3 a5 30. a4 Rd6 31. Kg2 f6 32. h4
Re5 33. Kg3 h5 34. Rf4 hxg4 35. Rxg4 Kf7 36. Kh3 b5 37. Rfg1 f5 38. Rg5 bxa4
39. bxa4 c4 40. h5 cxd3 41. hxg6+ Kg7 42. cxd3 Rxd3+ 43. R1g3 Rxg3+ 44. Kxg3
Rxe4 45. Rxf5 Rxa4 46. Rc5 Kxg6 47. Rxc6+ Kf5 48. Kf3 Rd4 49. Ke3 Rd5 50.
Ra6 Ke5 51. Ra8 Kd6 52. Ke4 Re5+ 53. Kd4 Rh5 54. Ra6+ Kc7 55. Kc4 Kb7 56.
Rg6 Rh4+ 57. Kb5 Rh5+ 58. Ka4 Ka7 59. Rg7+ Kb6 60. Rg6+ Kb7 61. Rg7+ Kb6 62.
Rg6+ Kc5 63. Kxa5 Rd5 64. Rg8 Kc4+ 65. Kb6 Rd6+ 66. Kc7 Kc5 67. Rg5+ Rd5 68.
Rxd5+ Kxd5 {Game drawn because neither player has mating material} 1/2-1/2

[Event "ICCopen2017"]
[Site "Internet Chess Club"]
[Date "2017.04.02"]
[Round "11"]
[White "carpedef"]
[Black "trianon"]
[Result "0-1"]
[ICCResult "White forfeits on time"]
[WhiteElo "1755"]
[BlackElo "2002"]
[Opening "Sicilian defense"]
[ECO "B40"]
[NIC "SI.43"]
[Time "21:09:48"]
[TimeControl "180+0"]

1. e4 c5 2. Nf3 e6 3. d3 Nc6 4. g3 g6 5. Bg2 Bg7 6. O-O Nge7 7. Re1 O-O 8.
c3 e5 9. Rf1 d5 10. Qe2 d4 11. c4 h6 12. Ne1 f5 13. f4 fxe4 14. Bxe4 Bf5 15.
Nf3 exf4 16. Bxf4 Kh7 17. Na3 a6 18. Nh4 Bxe4 19. Qxe4 Qd7 20. Bd2 Rae8 21.
Qg2 Nf5 22. Nxf5 Rxf5 23. Rae1 Rxf1+ 24. Qxf1 Rxe1 25. Bxe1 Ne5 26. Bd2 Qf5
27. Qxf5 gxf5 28. Nc2 Nxd3 29. b4 cxb4 30. Nxb4 Nxb4 31. Bxb4 d3 32. Kf2
Bd4+ 33. Ke1 Be3 34. h3 Kg6 35. Bd2 Bd4 36. Kd1 Be5 37. Be1 f4 38. gxf4 Bxf4
39. Bd2 Kf5 40. Bc3 Ke4 41. c5 h5 42. Bg7 Kf3 43. h4 Kg4 44. Bf6 Bg3 45. Kd2
Bxh4 {White forfeits on time} 0-1

[Event "ICCopen2017"]
[Site "Internet Chess Club"]
[Date "2017.04.02"]
[Round "11"]
[White "olimpus"]
[Black "lestri"]
[Result "1-0"]
[ICCResult "Black resigns"]
[WhiteElo "2712"]
[BlackElo "2514"]
[Opening "Philidor: Improved Hanham variation"]
[ECO "B07"]
[NIC "PU.08"]
[Time "21:10:46"]
[TimeControl "180+0"]

1. e4 d6 2. d4 Nf6 3. Nc3 e5 4. Nf3 Nbd7 5. g3 Be7 6. Bg2 O-O 7. O-O c6 8.
Re1 b5 9. d5 Bb7 10. dxc6 Bxc6 11. Nh4 g6 12. Nd5 Bxd5 13. exd5 Nb6 14. Bh6
Re8 15. c3 Rc8 16. Qd3 a6 17. h3 Nfd7 18. Nf3 Nc5 19. Qd1 Nca4 20. Re2 Bf6
21. h4 Nc4 22. Bc1 Qb6 23. Ng5 Bg7 24. h5 h6 25. Ne4 f5 26. hxg6 fxe4 27.
Rxe4 Rf8 28. Qe2 Rf6 29. Rh4 Rcf8 30. Be3 Nxe3 31. fxe3 Rxg6 32. Kh2 Rgf6
33. Rf1 Rxf1 34. Bxf1 Nxb2 35. Bh3 Nc4 36. Be6+ Kh8 37. Re4 Qd8 38. a4 Qf6
39. Kh3 Qf1+ 40. Qxf1 Rxf1 41. axb5 axb5 42. Bd7 Nd2 43. Rb4 Nf3 44. Rxb5 h5
45. Kg2 Nd2 46. Rb8+ Kh7 47. Rb2 Rd1 48. Bf5+ Kh6 49. Bd3 e4 50. Be2 Nc4 51.
Bxc4 Rc1 52. Rb6 {Black resigns} 1-0

[Event "ICCopen2017"]
[Site "Internet Chess Club"]
[Date "2017.04.02"]
[Round "11"]
[White "gannikus1992"]
[Black "marabu"]
[Result "1-0"]
[ICCResult "Black checkmated"]
[WhiteElo "2430"]
[BlackElo "2101"]
[Opening "Pirc defense"]
[ECO "B07"]
[NIC "PU.08"]
[Time "21:10:25"]
[TimeControl "180+0"]

1. e4 d6 2. d4 Nf6 3. Nc3 e5 4. dxe5 dxe5 5. Qxd8+ Kxd8 6. f3 a6 7. Be3 Nc6
8. O-O-O+ Bd6 9. Nh3 Ke7 10. Nf2 Be6 11. g4 h6 12. h4 b5 13. Bh3 Rhb8 14.
Nd5+ Bxd5 15. exd5 Nb4 16. Bd2 Nbxd5 17. g5 hxg5 18. hxg5 Nd7 19. Ne4 N5b6
20. Nxd6 cxd6 21. Bb4 Nc5 22. Rhe1 f6 23. f4 a5 24. Bxc5 dxc5 25. gxf6+ gxf6
26. fxe5 f5 27. Bxf5 Rd8 28. Rxd8 Rxd8 29. Rh1 Rd5 30. Rh7+ Kf8 31. Rb7 Nc4
32. Be6 Rxe5 33. Bxc4 bxc4 34. Kd2 Ke8 35. Kc3 Kd8 36. Kxc4 Kc8 37. Rb5 Re4+
38. Kc3 Kc7 39. Rxc5+ Kb6 40. Rc4 Re3+ 41. Kd2 Rh3 42. b3 Rg3 43. a4 Rh3 44.
Re4 Rg3 45. Re3 Rg2+ 46. Kd3 Rg4 47. c3 Rh4 48. Re4 Rh3+ 49. Kc4 Rh5 50. b4
axb4 51. cxb4 Rg5 52. Re6+ Kc7 53. a5 Kd7 54. Rh6 Rg4+ 55. Kb5 Rg5+ 56. Ka6
Rg7 57. b5 Kc7 58. b6+ Kc8 59. b7+ Kc7 60. Rh8 Rg6+ 61. Ka7 Rg5 62. b8=Q+
Kc6 63. Qc8+ Kb5 64. Qd7+ Kxa5 65. Qd8+ Ka4 66. Qxg5 Kb4 67. Rh4+ Kc3 68.
Qg3+ Kd2 69. Rh2+ Kd1 70. Qg1# {Black checkmated} 1-0

[Event "ICCopen2017"]
[Site "Internet Chess Club"]
[Date "2017.04.02"]
[Round "11"]
[White "refid"]
[Black "mvillalba"]
[Result "0-1"]
[ICCResult "White checkmated"]
[WhiteElo "1879"]
[BlackElo "2129"]
[Opening "Sicilian: Hungarian variation"]
[ECO "B34"]
[NIC "SI.33"]
[Time "21:09:35"]
[TimeControl "180+0"]

1. e4 c5 2. Nf3 g6 3. d4 cxd4 4. Nxd4 Nc6 5. Nb3 Bg7 6. Be2 Nf6 7. Nc3 O-O
8. O-O d6 9. Re1 Be6 10. Bf1 Rc8 11. Bg5 Ne5 12. Nd5 Bxd5 13. exd5 Nc4 14.
Bxc4 Rxc4 15. c3 Qd7 16. Nd2 Rc5 17. Bxf6 exf6 18. Ne4 Rcc8 19. Qd3 f5 20.
Ng5 Rfe8 21. Nf3 Rxe1+ 22. Rxe1 Re8 23. Rxe8+ Qxe8 24. Kf1 h6 25. Qe2 Qa4
26. a3 Qb3 27. Qe8+ Bf8 28. Qe2 Qxd5 29. g3 Qe6 30. h4 d5 31. Nd4 Qe4 32.
Qxe4 dxe4 33. Ke2 Kg7 34. b4 a6 35. c4 Kf6 36. c5 Ke5 37. Ke3 h5 38. c6 Bh6+
39. Ke2 bxc6 40. Nxc6+ Kd5 41. Nb8 Bc1 42. Nxa6 Bxa3 43. b5 Bd6 44. Ke3 f6
45. Ke2 g5 46. Kf1 gxh4 47. gxh4 f4 48. Ke2 Kc4 49. b6 Kb5 50. Nc7+ Kxb6 51.
Ne8 Be5 52. Ng7 Kc5 53. Nxh5 f3+ 54. Ke3 Kd5 55. Ng7 Bd4+ 56. Kf4 Be5+ 57.
Kf5 e3 58. h5 exf2 59. h6 f1=Q 60. h7 Qh3+ 61. Kg6 Qg3+ 62. Kf7 f5 63. Nxf5
Qh3 64. Ne7+ Ke4 65. Kg8 Qh6 66. Ng6 Qxg6+ 67. Kf8 Qxh7 68. Ke8 Qg7 69. Kd8
Bd6 70. Kc8 Qc7# {White checkmated} 0-1

[Event "ICCopen2017"]
[Site "Internet Chess Club"]
[Date "2017.04.02"]
[Round "11"]
[White "VrloJakMK"]
[Black "leonardoalmeida"]
[Result "1-0"]
[ICCResult "Black forfeits on time"]
[WhiteElo "1970"]
[BlackElo "1754"]
[Opening "QGD: 3.Nc3"]
[ECO "D31"]
[NIC "QO.17"]
[Time "21:10:46"]
[TimeControl "180+0"]

1. d4 e6 2. c4 d5 3. Nc3 dxc4 4. Nf3 a6 5. g3 Nd7 6. Bg2 Rb8 7. O-O b5 8. e4
Bb7 9. Re1 Ngf6 10. d5 Be7 11. dxe6 fxe6 12. Ng5 Nf8 13. e5 Qxd1 14. Rxd1
Ng4 15. Bh3 Nxe5 16. Bf4 Bxg5 17. Bxe5 Bf6 18. Bxc7 Rc8 19. Ba5 Kf7 20. Re1
h5 21. Rad1 g5 22. Bg2 Bxg2 23. Kxg2 g4 24. Rd6 Be7 25. Rxa6 b4 26. Ne4 Ng6
27. Nd6+ Bxd6 28. Rxd6 Rhe8 29. Bxb4 Ne5 30. Rxe5 Kf6 31. Re1 Kf5 32. Bc3 e5
33. a4 Rc5 34. a5 h4 35. gxh4 Rh8 36. Kg3 Rb5 37. a6 Rh7 38. Red1 Ra7 39.
Rh6 Rb3 40. Rdd6 Ke4 41. Kxg4 Rg7+ 42. Rhg6 Rf7 43. h5 Rxf2 44. Kg3
{Black forfeits on time}
1-0

[Event "ICCopen2017"]
[Site "Internet Chess Club"]
[Date "2017.04.02"]
[Round "11"]
[White "kutittaja"]
[Black "AreYouSerious"]
[Result "1/2-1/2"]
[ICCResult "Black stalemated"]
[WhiteElo "1578"]
[BlackElo "1823"]
[Opening "English opening"]
[ECO "A16"]
[NIC "EO.64"]
[Time "21:09:39"]
[TimeControl "180+0"]

1. c4 Nf6 2. Nc3 d6 3. g3 c6 4. Bg2 e5 5. d3 Be7 6. e4 Be6 7. h3 Nbd7 8.
Nge2 O-O 9. f4 exf4 10. Nxf4 Re8 11. O-O Nf8 12. Nxe6 Nxe6 13. Be3 c5 14.
Qd2 a6 15. Rf2 Nd7 16. Raf1 f6 17. Nd5 Rf8 18. h4 Nb6 19. Bh3 Nxd5 20. Bxe6+
Kh8 21. Bxd5 Qd7 22. Kh2 Ra7 23. b4 Qe8 24. bxc5 dxc5 25. e5 Ra8 26. exf6
Rxf6 27. Rxf6 Bxf6 28. Bxc5 Qg6 29. Be4 Qe8 30. Be3 Rd8 31. Qg2 Qe5 32. Bf4
Qe7 33. Rf2 b5 34. Re2 Qf8 35. cxb5 axb5 36. Qh3 b4 37. Qf5 g6 38. Qe6 Bc3
39. Bg5 Qd6 40. Bf6+ Bxf6 41. Qxd6 Rxd6 42. Rf2 Bg7 43. Rf7 Bd4 44. Rb7 Bc3
45. Kg2 h5 46. Kf3 Rf6+ 47. Ke3 Rf8 48. Bxg6 Rd8 49. Be4 Ra8 50. Rh7+ Kg8
51. Rxh5 Rxa2 52. Bd5+ Kg7 53. Bxa2 b3 54. Bxb3 Bb2 55. Ke4 Bf6 56. d4 Be7
57. d5 Kg6 58. Rg5+ Kf6 59. Rh5 Kf7 60. Rh7+ Kf6 61. Rxe7 Kxe7 62. Ke5 Kd7
63. d6 Kd8 64. Ke6 Ke8 65. d7+ Kd8 66. h5 Kc7 67. Ke7 Kc6 68. d8=Q Kc5 69.
Qd5+ Kb4 70. Qc4+ Ka3 71. Qc3 {Black stalemated} 1/2-1/2

[Event "ICCopen2017"]
[Site "Internet Chess Club"]
[Date "2017.04.02"]
[Round "11"]
[White "SIRPALADIN"]
[Black "shirovinster"]
[Result "0-1"]
[ICCResult "White forfeits on time"]
[WhiteElo "1864"]
[BlackElo "1769"]
[Opening "Dutch, 2.Bg5 variation"]
[ECO "A80"]
[NIC "HD.12"]
[Time "21:10:23"]
[TimeControl "180+0"]

1. d4 f5 2. Bg5 h6 3. Bh4 g5 4. e3 Bg7 5. Bg3 Nf6 6. h4 d6 7. h5 O-O 8. Bc4+
e6 9. Nd2 d5 10. Be2 c5 11. c3 Nc6 12. Qc2 Bd7 13. Be5 Nxe5 14. dxe5 Ne4 15.
f4 gxf4 16. Nxe4 fxe4 17. c4 Bxe5 18. cxd5 exd5 19. Qxc5 Bc6 20. O-O-O fxe3
21. Kb1 d4 22. Qxe5 d3 23. Bg4 Qf6 24. Qg3 Kh8 25. Nh3 e2 26. Rde1 Rae8 27.
Qe3 Re7 28. Bxe2 dxe2 29. Rxe2 Rd7 30. Nf2 Qf4 31. Qc3+ Kh7 32. Nh3 Qf6 33.
Qe3 Qd4 34. Qg3 Qd3+ 35. Qxd3 exd3 36. Rd2 Bxg2 37. Rh2 Rf1+
{White forfeits on time}
0-1

[Event "ICCopen2017"]
[Site "Internet Chess Club"]
[Date "2017.04.02"]
[Round "11"]
[White "TZ700A"]
[Black "Cjon"]
[Result "1/2-1/2"]
[ICCResult "White ran out of time and Black has no material to mate"]
[WhiteElo "1445"]
[BlackElo "1438"]
[Opening "Petrov's defense"]
[ECO "C42"]
[NIC "RG.03"]
[Time "21:10:03"]
[TimeControl "180+0"]

1. e4 e5 2. Nf3 Nf6 3. Nxe5 Qe7 4. d4 d6 5. Nf3 Nxe4 6. Be2 d5 7. O-O Be6 8.
Nc3 Nxc3 9. bxc3 Qd8 10. Bd3 Be7 11. Ne5 Bf6 12. Re1 O-O 13. Qh5 g6 14. Qe2
Nd7 15. Nxd7 Qxd7 16. Bh6 Bg7 17. Bxg7 Kxg7 18. Qe5+ Kg8 19. Rab1 b6 20. Bb5
c6 21. Bd3 Rfe8 22. Qg5 Kg7 23. h4 f6 24. Qg3 Bf5 25. h5 Bxd3 26. cxd3 Qf5
27. hxg6 Qxg6 28. Qc7+ Kh6 29. Qxc6 Rec8 30. Qxd5 Rd8 31. Qf3 Rac8 32. Qh3+
Qh5 33. Qxh5+ Kxh5 34. Rbc1 b5 35. Re7 Kg6 36. Rxa7 Rxd4 37. cxd4 Rxc1+ 38.
Kh2 Rd1 39. Rb7 Rxd3 40. Rxb5 Rxd4 41. Ra5 Rd2 42. Kg3 h5 43. Ra8 h4+ 44.
Kf3 Rc2 45. a4 Rc3+ 46. Ke2 Rc2+ 47. Kf3 Rc3+ 48. Ke2 Rc2+ 49. Kf3 Rc3+ 50.
Kg4 Rc2 51. a5 Rxf2 52. Kxh4 Ra2 53. a6 Kf7 54. a7 Rxg2 55. Rf8+ Kxf8 56.
a8=Q+ Kg7 57. Qxg2+ Kf7 58. Qf3 Ke6 59. Qf4 f5 60. Kg5 Kd5 61. Qxf5+ Kd4 62.
Kf4 Kc3 63. Qe4 Kd2 64. Qf3 Kc2 65. Ke4 Kd2 66. Qe3+ Kc2
{White ran out of time and Black has no material to mate}
1/2-1/2

[Event "ICCopen2017"]
[Site "Internet Chess Club"]
[Date "2017.04.02"]
[Round "11"]
[White "wmanthony"]
[Black "newtonpp"]
[Result "0-1"]
[ICCResult "White forfeits on time"]
[WhiteElo "1305"]
[BlackElo "1464"]
[Opening "Caro-Kann: classical, 6.h4"]
[ECO "B18"]
[NIC "CK.11"]
[Time "21:10:46"]
[TimeControl "180+0"]

1. e4 c6 2. d4 d5 3. Nc3 dxe4 4. Nxe4 Bf5 5. Ng3 Bg6 6. h4 h5 7. Nxh5 Bxh5
8. g4 Bg6 9. f3 e5 10. Bg5 Qxd4 11. Qxd4 exd4 12. O-O-O c5 13. c3 Nc6 14.
Bb5 f6 15. Bf4 O-O-O 16. h5 Nge7 17. Ne2 Bf7 18. cxd4 Nxd4 19. Nxd4 cxd4 20.
Rd2 Bxa2 21. Rc2+ Nc6 22. Bd3 Bd6 23. Bf5+ Kc7 24. Bxd6+ Rxd6 25. Kd2 Re8
26. Ra1 Bb3 27. Rc5 Kb6 28. Rcc1 Ree6 29. Bxe6 Rxe6 30. Re1 Rd6 31. Ra3 Bc4
32. b3 Bb5 33. Rc1 Re6 {White forfeits on time} 0-1

[Event "ICCopen2017"]
[Site "Internet Chess Club"]
[Date "2017.04.02"]
[Round "11"]
[White "Eliezer"]
[Black "TudoracheM"]
[Result "0-1"]
[ICCResult "White forfeits on time"]
[WhiteElo "1543"]
[BlackElo "1671"]
[Opening "Sicilian: Pelikan (Lasker/Sveshnikov) variation"]
[ECO "B33"]
[NIC "SI.35"]
[Time "21:10:09"]
[TimeControl "180+0"]

1. e4 c5 2. Nf3 Nc6 3. d4 cxd4 4. Nxd4 Nf6 5. Nc3 e5 6. Nb3 d6 7. f3 Be7 8.
Be3 Be6 9. Qd2 O-O 10. O-O-O a6 11. Kb1 b5 12. h4 Nh5 13. g4 Ng3 14. Rg1
Bxh4 15. Bf2 Nxf1 16. Rgxf1 Bg5 17. Be3 Bxe3 18. Qxe3 Rb8 19. Nd5 a5 20. Rg1
a4 21. Nc1 b4 22. f4 exf4 23. Nxf4 Ne5 24. Nxe6 fxe6 25. g5 Qb6 26. Qh3 g6
27. Qxe6+ Kh8 28. Rxd6 Qxg1 29. Qxe5+ Kg8 30. Qe6+ Rf7 31. Rd7 Rf8 32. Rxf7
Rxf7 33. Qe8+ Kg7 34. Qe5+ Kf8 35. Qh8+ Ke7 36. Qe5+ Kd7 37. Qd5+ Ke8 38.
Qb5+ Rd7 39. Qxa4 Qd4 40. Nb3 Qd1+ 41. Nc1 Qd6 42. Nb3 Ke7 43. Nc1 Qc5 44.
Qb3 Rd2 45. Nd3 Qg1+ {White forfeits on time} 0-1

[Event "ICCopen2017"]
[Site "Internet Chess Club"]
[Date "2017.04.02"]
[Round "11"]
[White "hipopotamos"]
[Black "HighGround"]
[Result "1-0"]
[ICCResult "Black checkmated"]
[WhiteElo "1196"]
[BlackElo "1312"]
[Opening "Sicilian"]
[ECO "B50"]
[NIC "SI.01"]
[Time "21:10:37"]
[TimeControl "180+0"]

1. e4 c5 2. Nf3 d6 3. Nc3 a6 4. Be2 b5 5. d3 b4 6. Nd5 e6 7. Nf4 Nf6 8. O-O
Bb7 9. Nh3 Be7 10. Bg5 O-O 11. Qc1 Nbd7 12. Be3 Ng4 13. Bf4 e5 14. Bd2 h6
15. Ne1 Ngf6 16. Bxh6 Nh7 17. Be3 Ndf6 18. Qd2 Bc8 19. f3 Bxh3 20. gxh3 Nh5
21. Bd1 Qd7 22. Qg2 Nf4 23. Qg3 Nxh3+ 24. Kh1 N7g5 25. f4 exf4 26. Bxf4 f6
27. Rg1 Qd8 28. Bg4 Ra7 29. Bxh3 Kh7 30. Qh4+ Kg8 31. Bxg5 fxg5 32. Be6+ Rf7
33. Bxf7+ Kxf7 34. Rf1+ Kg8 35. Qg4 Qd7 36. Qxd7 Rxd7 37. Rd1 Bf6 38. Rd2
Bxb2 39. Rg2 Bd4 40. Rxg5 Be3 41. Rg4 Bh6 42. Rf3 Re7 43. Rfg3 Rf7 44. Kg1
Kh7 45. Nf3 a5 46. Nh4 a4 47. Nf5 Rf6 48. Nxh6 Kxh6 49. Rh4# {Black
checkmated} 1-0

[Event "ICCopen2017"]
[Site "Internet Chess Club"]
[Date "2017.04.02"]
[Round "11"]
[White "Rluis"]
[Black "TaijiChess22"]
[Result "0-1"]
[ICCResult "White checkmated"]
[WhiteElo "1319"]
[BlackElo "1781"]
[Opening "Sicilian: closed"]
[ECO "B23"]
[NIC "SI.44"]
[Time "21:11:17"]
[TimeControl "180+0"]

1. e4 c5 2. Nc3 e6 3. Bc4 Nf6 4. d3 Nc6 5. f4 Be7 6. Nf3 O-O 7. O-O d5 8.
Bb3 dxe4 9. dxe4 Nd4 10. Be3 Nxf3+ 11. Qxf3 Qc7 12. Rad1 c4 13. Ba4 a6 14.
e5 Nd5 15. Nxd5 exd5 16. Rxd5 Be6 17. f5 Bxd5 18. Qxd5 b5 19. Bxb5 axb5 20.
Qxb5 Rfb8 21. Qd5 Qb7 22. Qxb7 Rxb7 23. b3 cxb3 24. axb3 Rc8 25. Rf2 Rbc7
26. c4 Rb7 27. Rb2 Ba3 28. Rb1 Rcb8 29. e6 fxe6 30. Bf4 Re8 31. fxe6 Rxe6
32. Kf2 Rf7 33. g3 g5 34. Ra1 Bc5+ 35. Kg2 gxf4 36. Ra5 Be3 37. gxf4 Rxf4
38. Kg3 Rg6+ 39. Kh3 Rf3+ 40. Kh4 Bd4 41. c5 Bf2+ 42. Kh5 Rh3#
{White checkmated}
0-1

[Event "ICCopen2017"]
[Site "Internet Chess Club"]
[Date "2017.04.02"]
[Round "11"]
[White "hecan58"]
[Black "Kusox"]
[Result "0-1"]
[ICCResult "White forfeits on time"]
[WhiteElo "1826"]
[BlackElo "2111"]
[Opening "Caro-Kann: Panov-Botvinnik attack, 5...e6"]
[ECO "B14"]
[NIC "CK.03"]
[Time "21:10:06"]
[TimeControl "180+0"]

1. e4 c6 2. d4 d5 3. exd5 cxd5 4. c4 Nf6 5. Nc3 e6 6. Nf3 Bb4 7. cxd5 Nxd5
8. Bd2 Nc6 9. Bd3 Bxc3 10. bxc3 h6 11. O-O Qf6 12. Qe2 Nf4 13. Bxf4 Qxf4 14.
Be4 O-O 15. Rab1 Qc7 16. Bd3 Bd7 17. Qe4 g6 18. Qh4 Kg7 19. Rfe1 b6 20. Be4
Rac8 21. Rbc1 Qd8 22. Qf4 Qf6 23. Qe3 Ne7 24. Ne5 Rfd8 25. Bb7 Rc7 26. Be4
Be8 27. Qd3 Rdc8 28. h3 Nf5 29. Rc2 Nd6 30. Bf3 Bb5 31. Qd2 Nc4 32. Qc1 Nxe5
33. Rxe5 Ba4 34. Rd2 Rxc3 35. Qb2 Rc1+ 36. Kh2 R1c2 37. Rxc2 Rxc2 38. Qb4
Qf4+ 39. Kg1 Rc1+ 40. Re1 Rxe1+ 41. Qxe1 Qxd4 42. Qc1 Qf6 43. Qe1 Bc2 44.
Qc1 Bf5 45. Qe1 e5 46. Qc1 a5 47. Be2 Qe6 48. Bb5 h5 49. Bc4 Qf6 50. Qc3 h4
51. Qe3 e4 52. Qb3 g5 53. Be2 Bg6 54. Bf1 Qd6 55. Qe3 Kh6 56. g3 hxg3 57.
fxg3 Qf6 58. h4 Bf5 59. hxg5+ Qxg5 60. Kg2 Qxe3 {White forfeits on time} 0-1